 Dungeon Crawl Stone Soup version 0.31-a0-833-gc15d34cb79 (webtiles) character file.

Game seed: 17463706358959619272

350 Kurtz the Chopper (level 6, 0/42 HPs)
             Began as an Octopode Fighter on Sept 25, 2023.
             Splashed by a jelly's acid (6 damage)
             ... on level 4 of the Dungeon.
             The game lasted 00:02:00 (3148 turns).

Kurtz the Chopper (Octopode Fighter)                Turns: 3148, Time: 00:02:01

Health: 0/42       AC: -3    Str: 17      XL:     6   Next: 60%
Magic:  6/6        EV: 13    Int: 10      God:
Gold:   257        SH:  4    Dex: 11 (12) Spells: 5/5 levels left

rFire   . . .        a - +0 war axe
rCold   . . .        b - +0 buckler
rNeg    + . .        (helmet restricted)
rPois   .            (no amulet)
rElec   .            g - +4 ring of protection
rCorr   .            o - ring of positive energy
SInv    .            (no ring)
Will    .....        (no ring)
Stlth   ++           (no ring)
HPRegen 0.27/turn    (no ring)
MPRegen 0.10/turn    (no ring)
                     (no ring)

%: no passive effects
@: corroded
A: almost no armour, amphibious, 8 rings, camouflage 1, gelatinous body 1,
(nimble swimmer 1), tentacles
a: no special abilities


You were on level 4 of the Dungeon.
You visited 1 branch of the dungeon, and saw 4 of its levels.

You collected 257 gold pieces.

Inventory:

Hand Weapons
 a - a +0 war axe (weapon)
Missiles
 e - a throwing net
Armour
 b - a +0 buckler (worn)
Jewellery
 g - a +4 ring of protection (left tentacle)
 o - a ring of positive energy (right tentacle)
Wands
 r - a wand of mindburst (6)
Scrolls
 j - 4 scrolls of identify {unknown}
 l - a scroll of teleportation {unknown}
 m - 3 scrolls of brand weapon {unknown}
 n - 2 scrolls of amnesia {unknown}
Potions
 c - 2 potions of might
 d - a potion of degeneration
 f - a potion of haste {unknown}
 h - a potion of ambrosia {unknown}
 i - 3 potions of curing
 k - a potion of mutation {unknown}
 p - a potion of brilliance {unknown}
 q - a potion of experience {unknown}
 s - a potion of resistance {unknown}


   Skills:
 - Level 3.0 Fighting
 * Level 6.8 Axes
 - Level 3.0 Dodging
 - Level 3.0 Shields


You had 5 spell levels left.
You didn't know any spells.
Your spell library contained the following spells:

 Spells                   Type           Power      Damage    Failure   Level
 Sandblast                Erth           0%         2d4       43%         1
 Sting                    Tmut/Pois      0%         1d3       43%         1
 Passwall                 Tmut/Erth      0%         N/A       58%         2
 Poisonous Vapours        Pois/Air       0%         N/A       58%         2
 Stone Arrow              Conj/Erth      0%         3d7       82%         3
 Brom's Barrelling Bould  Conj/Erth      0%         2d3       99%         4
 Olgreb's Toxic Radiance  Pois           0%         N/A       99%         4


Dungeon Overview and Level Annotations

Branches:
Dungeon (4/15)
 Temple: D:4-7

Altars:
Ashenzari
Fedhas
Trog
Xom


Innate Abilities, Weirdness & Mutations

You cannot wear most types of armour.
You are amphibious.
You can wear up to eight rings at the same time.
Your skin changes colour to match your surroundings (Stealth+).
Your rubbery body absorbs attacks. (AC +1, EV +1)
((You are camouflaged when in or above water. (Stealth+)))
You have tentacles for arms and can constrict up to eight enemies at once.


Message History

No target in view!
s - an emerald potion No target in view!
There is an open door here.
You open the door.
There is an open door here.
As you open the door, it creaks loudly!
A jelly comes into view.
A giant cockroach comes into view.
Found a dagger.
There is an open door here.
There are monsters nearby!
Found 16 gold pieces.
There are monsters nearby!
You closely miss the giant cockroach. Your grab misses the giant cockroach.
You squeeze the giant cockroach.
You kill the giant cockroach!
The jelly hits you but does no damage.
A jelly is nearby!
You slash the jelly! The acid corrodes you!
Your tentacles burn!
The jelly is moderately wounded.
The jelly barely misses you. The jelly hits you.
You are splashed with acid!
You slash the jelly!
Your tentacles burn!
The jelly is severely wounded.
The jelly hits you.
You are splashed with acid!
You are too injured to fight recklessly!
You are too injured to fight recklessly!
A jelly is nearby!
You hit the jelly.
Your tentacles burn!
* * * LOW HITPOINT WARNING * * *
The jelly is almost dead.
The jelly hits you but does no damage.
Unknown command.
You hit the jelly but do no damage.
Your tentacles burn!
* * * LOW HITPOINT WARNING * * *
The jelly is almost dead.
The jelly hits you.
* * * LOW HITPOINT WARNING * * *
The acid corrodes you!
You are splashed with acid.
You die...

###
..................#....
..#
................†..#....
..#
...................#....
..#
...................##...
..#
.........##+##......#...
..#
.........#...#......#...
..#
.........#...#......#...
..#
.........#...#......#...
..#
.......@.'...'......##'#
..#
......J..#...#..........
..#
.$.......###########....
..# .........# #.... ..#
.........# #.... ..#
.........# #.... ..#
.........# #.... ).#
....)....# #.... #####


You could see a jelly.

Vanquished Creatures
  A centaur (D:4)
  A scorpion (D:4)
  An orc priest (D:3)
  A sleepcap (D:4)
  Jessica (D:2)
  An iguana (D:4)
  An adder (D:2)
  A dart slug (D:2)
  4 orcs (D:3)
  5 ball pythons
  12 endoplasms
  7 giant cockroaches
  4 goblins
  8 hobgoblins
  3 jackals (D:4)
  9 kobolds
  7 quokkas
  8 bats
  6 frilled lizards
  A rat (D:1)
82 creatures vanquished.

Notes
Turn   | Place    | Note
-------+----------+-------------------------------------------
     0 | D:1      | Kurtz the Octopode Fighter began the quest for the Orb.
     0 | D:1      | Reached XP level 1. HP: 16/16 MP: 1/1
    92 | D:1      | Reached XP level 2. HP: 21/21 MP: 2/2
   126 | D:1      | Reached skill level 3 in Axes
   566 | D:1      | Reached XP level 3. HP: 26/26 MP: 3/3
  1097 | D:2      | Reached skill level 4 in Axes
  1221 | D:2      | Found a broken altar of Ashenzari.
  1232 | D:2      | Noticed Jessica
  1235 | D:2      | Killed Jessica
  1236 | D:2      | Reached XP level 4. HP: 31/31 MP: 4/4
  1798 | D:3      | Found a blossoming altar of Fedhas.
  1945 | D:3      | Reached skill level 5 in Axes
  1945 | D:3      | Reached XP level 5. HP: 22/36 MP: 5/5
  2151 | D:3      | Found a faded altar of an unknown god.
  2634 | D:4      | Found a bloodstained altar of Trog.
  2730 | D:4      | Noticed a centaur
  2758 | D:4      | Killed a centaur
  2759 | D:4      | Reached skill level 6 in Axes
  2759 | D:4      | Reached XP level 6. HP: 5/42 MP: 6/6
  2972 | D:4      | Found a shimmering altar of Xom.
  3148 | D:4      | Splashed by a jelly's acid

Illustrated notes

Levels and vault maps discovered:
D:1:      dpeg_arrival_morbid_curiosity, layout_basic
D:2:      layout_basic, basic_altar, uniq_jessica
D:3:      layout_basic, mainiacjoe_overflow_catwalk,
          dreamdust_ecumenical_altar_hidden_monk_grotto, skrybe_limestone_x,
          hangedman_decor_points, serial_bayou_pond_c
D:4:      layout_gridville, mainiacjoe_overflow_tiny_flanked, xom_butterflies,
          grunt_tough_drop

Skill      XL: |  1  2  3  4  5 |
---------------+----------------+-----
Axes           | 3 4 5 6 |  6.8
Fighting       | |  3.0
Dodging        | |  3.0
Shields        | |  3.0

Action                     |  1- 3 |  4- 6 || total
---------------------------+-------+-------++-------
  Melee: War axe           |    72 |    86 ||   158
         Constrict         |    16 |    20 ||    36
         Tentacles         |    10 |    11 ||    21
         Punch             |     2 |       ||     2
    Use: Potion            |       |     4 ||     4
   Stab: Sleeping          |     6 |     2 ||     8
 Armour: Skin              |    24 |    35 ||    59
  Dodge: Dodged            |    46 |    68 ||   114
  Block: Buckler           |    11 |    15 ||    26

Table legend: (Time is in decaauts)
 A = Elapsed time spent in this place.
 B = Non-inter-level travel time spent in this place.
 C = Inter-level travel time spent in this place.
 D = Time resting spent in this place.
 E = Time spent auto-exploring this place.
 F = Levels seen in this place.
 G = Mean time per level.
                   A        B        C        D        E       F      G
               +--------+--------+--------+--------+--------+-----+--------+
         Total |   3205 |   3069 |    136 |    187 |   2360 |   4 |  801.2 |
       Dungeon |   3205 |   3069 |    136 |    187 |   2360 |   4 |  801.2 |
               +--------+--------+--------+--------+--------+-----+--------+

Top non-repeatable levels by time:
     D:3: 1072 daAuts
     D:1: 787 daAuts
     D:2: 773 daAuts
     D:4: 572 daAuts
